AoeStats
← eastrix

Team Islands

503217617Analyzed
3v3 RM · 1mo ago on Aug 30, 2026· 53m 28s· 6 players
Game mode
Random Map
Map size
Large (8 player)
Population
200
Speed
Normal
Resources
Standard
Victory
Conquest
Starting age
Dark Age
Ending age
Imperial Age
RankedLock teamsTeams togetherTeam positionsShared explorationLock speedFull tech treeHidden civsTurbo modeCheats
Victory
Defeat
🇬🇧 Sicilians · United Kingdom
997
+15
🇬🇧 Armenians · United Kingdom
862
+21
🇬🇧 Koreans · United Kingdom
862
+21
🇺🇸 Wu · United States
1043
-22
🇺🇸 Japanese · United States
1007
-20
🇺🇸 Vikings · United States
897
-16
f1sh
5:14 Loom
11:44 Feudal Age
12:34 Horse Collar
15:13 Wheelbarrow
15:10 Double-Bit Axe
16:37 Man-at-Arms
18:39 Long Swordsman
25:32 Castle Age
24:41 Scale Mail Armor
24:51 Forging
26:20 Gold Mining
28:05 Medium Warships
29:28 Squires
29:14 Gambesons
28:50 Two-Handed Swordsman
32:33 Champion
34:26 Hand Cart
37:17 Imperial Age
35:56 Arson
36:34 Chain Mail Armor
36:55 Iron Casting
38:29 Fereters
39:20 Conscription
40:01 Capped Ram
53:04 Plate Mail Armor
53:34 Blast Furnace
Cap'n Doric
10:30 Loom
12:19 Feudal Age
14:48 Double-Bit Axe
17:37 Wheelbarrow
27:47 Castle Age
25:51 Scale Mail Armor
29:47 Chain Mail Armor
31:41 Bloodlines
31:33 Husbandry
35:39 Murder Holes
39:44 Imperial Age
38:01 Scale Barding Armor
38:23 Bow Saw
40:52 Gold Mining
41:58 Conscription
47:32 Cavalier
49:05 Chain Barding Armor
49:02 Forging
49:32 Onager
51:44 Plate Barding Armor
52:46 Iron Casting
they euthanized the dog in me
2:45 Loom
11:24 Feudal Age
12:27 Double-Bit Axe
16:54 Fishing Lines
17:20 Gold Mining
22:28 Castle Age
24:07 Medium Warships
25:41 Bow Saw
28:25 Wheelbarrow
27:38 Town Watch
29:40 Hand Cart
30:57 Fletching
33:10 Bodkin Arrow
42:50 Imperial Age
40:22 Horse Collar
42:37 Town Patrol
44:04 Elite Turtle Ship
45:26 Heavy Warships
46:51 Bracer
47:40 Gold Shaft Mining
47:34 Caravan
48:58 Forging
51:18 Light Cavalry
51:59 Husbandry
52:57 Heavy Warships
53:56 Two-Man Saw
eastrix
10:10 Feudal Age
10:43 Double-Bit Axe
11:00 Fishing Lines
20:37 Castle Age
19:19 Fletching
19:24 Gold Mining
20:23 Loom
21:16 Bodkin Arrow
22:12 Gold Shaft Mining
21:29 Stone Mining
22:04 Bow Saw
22:19 Forging
22:09 Scale Mail Armor
22:12 Squires
21:57 Arson
23:42 Stone Shaft Mining
23:01 Gillnets
24:14 Medium Warships
26:11 Siphons
26:16 Clinker Construction
27:04 Chain Mail Armor
28:10 Wheelbarrow
27:21 Town Watch
32:49 Hand Cart
35:52 Imperial Age
37:00 Heavy Warships
37:02 Carvel Hull
41:20 Chemistry
41:06 Sitting Tiger
41:26 Conscription
46:30 Murder Holes
48:28 Plate Mail Armor
48:33 Iron Casting
52:03 Blast Furnace
53:06 Ballistics
Laser_()^-^)_Knight
0:36 Loom
11:50 Feudal Age
18:48 Castle Age
36:50 Forging
MAR_7
5:00 Loom
10:37 Feudal Age
11:41 Town Watch
11:59 Double-Bit Axe
12:09 Gold Mining
12:57 Wheelbarrow
13:31 Horse Collar
17:38 Man-at-Arms
21:13 Scale Mail Armor
25:58 Arson
34:29 Castle Age
34:40 Crossbowman
37:20 Thumb Ring
37:24 Long Swordsman
39:10 Fletching
40:55 Gambesons
41:23 Forging
46:48 Bodkin Arrow
47:12 Chain Mail Armor
48:28 Padded Archer Armor
49:04 Iron Casting
48:59 Ballistics
48:20 Treadmill Crane
51:13 Elite Skirmisher
51:50 Pikeman
52:31 Squires
Connection lost

Rejoining the realm…

Still unreachable

The connection could not be restored.

Session expired

The server has moved on; the page needs a fresh start.